 Dungeon Crawl Stone Soup version 0.30-a0-263-ge22c4ad894 (webtiles) character file.

Game seed: 6518190379674328959

39 pascalblue the Gusty (level 3, -7/19 HPs)
             Began as a Deep Elf Air Elementalist on Oct 13, 2022.
             Killed from afar by an orc wizard (11 damage)
             ... with a puff of flame
             ... on level 3 of the Dungeon.
             The game lasted 00:04:01 (1636 turns).

pascalblue the Gusty (Deep Elf Air Elementalist)    Turns: 1636, Time: 00:04:02

Health: -7/19      AC:  2    Str:  5    XL:     3   Next: 26%
Magic:  8/10       EV: 12    Int: 21    God:
Gold:   89         SH:  0    Dex: 15    Spells: 3/9 levels left

rFire   . . .      SeeInvis .    (no weapon)
rCold   . . .      Faith    .    (no shield)
rNeg    . . .      Spirit   .    a - +0 robe
rPois   .          Reflect  .    (no helmet)
rElec   .          Harm     .    (no cloak)
rCorr   .          Rampage  .    (no gloves)
Will    .....                    (no boots)
Stlth   ++........               (no amulet)
HPRegen 0.23/turn                (no ring)
MPRegen 0.12/turn                (no ring)

@: no status effects
A: no striking features
a: no special abilities


You were on level 3 of the Dungeon.
You visited 1 branch of the dungeon, and saw 3 of its levels.

You collected 89 gold pieces.

Inventory:

Armour
 a - a +0 robe (worn)
Jewellery
 f - a ring of ice
Scrolls
 c - 2 scrolls of teleportation {unknown}
 d - 5 scrolls of identify {unknown}
 i - a scroll of blinking {unknown}
 j - a scroll of fear {unknown}
 m - a scroll of fog {unknown}
 n - a scroll of brand weapon {unknown}
Potions
 b - a potion of magic
 e - 2 potions of mutation {unknown}
 g - a potion of might {unknown}
 h - 2 potions of attraction {unknown}
 k - a potion of heal wounds {unknown}
 l - 2 potions of curing {unknown}
 o - a potion of flight {unknown}


   Skills:
 - Level 2.4 Dodging
 - Level 2.4 Stealth
 + Level 3.5 Spellcasting
 * Level 1.5 Conjurations
 * Level 4.0 Air Magic


You had 3 spell levels left.
You knew the following spells:

 Your Spells              Type           Power      Damage    Failure   Level
a - Shock                 Conj/Air       60%        1d6       4%          1
b - Static Discharge      Conj/Air       30%        2-4/arc   6%          2
c - Swiftness             Air            20%        N/A       8%          3

Your spell library contained the following spells:

 Spells                   Type           Power      Damage    Failure   Level
 Airstrike                Air            10%        2d(2-18)  24%         4


Dungeon Overview and Level Annotations

Branches:
Dungeon (3/15)

Altars:


Message History

You start memorising the spell.
You continue memorising. x2
You finish memorising.
Spell assigned to 'b'.
This spell is extremely dangerous to cast!
Memorise Swiftness, consuming 3 spell levels and leaving 3?
You start memorising the spell.
You continue memorising. x3
You finish memorising.
Spell assigned to 'c'.
Done exploring.
(D) Dungeon
Where to? (Enter - D:3, ? - help)
Items here: ( )) †.
You see here a frilled lizard corpse.
There is a stone staircase leading down here.
You climb downwards.
The orc barely misses you.
There is a stone staircase leading up, spattered with blood here.
There are monsters nearby!
Casting: Shock (safe; 4% risk of failure)
Confirm with . or Enter, or press ? or * to list all spells.
Aiming: Shock (safe; 4% risk of failure)
Press: ? - help, Shift-Dir - straight line, f - orc
Aim: an orc, wielding a +0 club and wearing a +0 leather armour (71% to hit)
The zap hits the orc.
The orc is lightly wounded.
The orc hits you with a +0 club.
Casting: Shock (safe; 4% risk of failure)
Confirm with . or Enter, or press ? or * to list all spells.
Aiming: Shock (safe; 4% risk of failure)
Press: ? - help, Shift-Dir - straight line, f/p - orc
Aim: an orc, wielding a +0 club and wearing a +0 leather armour (lightly wounded, 71% to hit)
The zap misses the orc.
The orc barely misses you.
The orc wizard points at you and mumbles some strange words.
The puff of flame hits you!
Casting: Shock (safe; 4% risk of failure)
Confirm with . or Enter, or press ? or * to list all spells.
You don't know that spell.
The orc hits you with a +0 club.
* * * LOW HITPOINT WARNING * * *
The orc wizard gestures at you while chanting.
The puff of flame hits you!
Ouch! That really hurt!
You die...

########
##.....[##
##........##
##.........>#
.<..........#
#...!.......#..
#......@o.....#
##..........###
##........##
#.o......#
#..........#
#..........#
#..........#
#..$..o....#


You could see 2 orc wizards and an orc.

Vanquished Creatures
  A worm (D:2)
  2 orcs (D:2)
  An endoplasm (D:1)
  2 giant cockroaches (D:1)
  4 hobgoblins
  4 kobolds (D:1)
  5 ball pythons
  4 bats
  3 frilled lizards
  2 goblins (D:1)
  6 rats
34 creatures vanquished.

Notes
Turn   | Place    | Note
-------+----------+-------------------------------------------
     0 | D:1      | pascalblue the Deep Elf Air Elementalist began the quest
                  | for the Orb.
     0 | D:1      | Reached XP level 1. HP: 10/10 MP: 6/6
   338 | D:1      | Found a faded altar of an unknown god.
   499 | D:1      | Reached XP level 2. HP: 15/15 MP: 6/8
  1234 | D:2      | Reached XP level 3. HP: 19/19 MP: 7/9
  1542 | D:2      | Reached skill level 4 in Air Magic
  1620 | D:2      | Learned a level 2 spell: Static Discharge
  1624 | D:2      | Learned a level 3 spell: Swiftness
  1636 | D:3      | Killed from afar by an orc wizard

Illustrated notes

Levels and vault maps discovered:
D:1:      mrwooster_arrival_statue_2, layout_loops_ring,
          ebering_ecumenical_altar_hall, minmay_split_cup_large
D:2:      layout_rooms, grunt_ministairs_13
D:3:      layout_rooms, corexii_shack

Skill      XL: |  1  2  3 |
---------------+----------+-----
Air Magic      | 4 |  4.0
Dodging        | |  2.4
Stealth        | |  2.4
Spellcasting   | |  3.5
Conjurations   | |  1.5

Action                   || total
-------------------------++-------
 Cast: Shock             ||    63
Armor: Robe              ||     4
Dodge: Dodged            ||    16

Table legend: (Time is in decaauts)
 A = Elapsed time spent in this place.
 B = Non-inter-level travel time spent in this place.
 C = Inter-level travel time spent in this place.
 D = Time resting spent in this place.
 E = Time spent auto-exploring this place.
 F = Levels seen in this place.
 G = Mean time per level.
                   A        B        C        D        E       F      G
               +--------+--------+--------+--------+--------+-----+--------+
         Total |   1636 |   1603 |     33 |     77 |   1373 |   3 |  545.3 |
       Dungeon |   1636 |   1603 |     33 |     77 |   1373 |   3 |  545.3 |
               +--------+--------+--------+--------+--------+-----+--------+

Top non-repeatable levels by time:
     D:1: 996 daAuts
     D:2: 630 daAuts
     D:3: 10 daAuts
